 Dungeon Crawl Stone Soup version 0.21-a0-2-ge494091 (webtiles) character file.

6988 sveltemanboy the Fighter (level 10, -7/88 HPs)
             Began as a Demonspawn Monk on May 22, 2017.
             Was a Believer of Qazlal.
             Mangled by a skeletal warrior
             ... wielding a +0 glaive
              (18 damage)
             ... on level 8 of the Dungeon.
             The game lasted 00:20:12 (8379 turns).

sveltemanboy the Fighter (Demonspawn Monk)          Turns: 8379, Time: 00:20:13

Health: -7/88      AC: 12    Str: 17    XL:     10   Next: 81%
Magic:  14/14      EV: 11    Int: 11    God:    Qazlal [**....]
Gold:   457        SH:  3    Dex: 16    Spells: 9/9 levels left

rFire    + + .     SeeInvis .   p - +5 scimitar "Bosyzipp" {slice, Str+2}
rCold    x . .     Gourm    .   (no shield)
rNeg     . . .     Faith    .   v - +2 scale mail {rF+}
rPois    .         Spirit   .   (helmet restricted)
rElec    .         Reflect  .   d - +0 cloak
rCorr    .         Harm     .   r - +0 pair of gloves
MR       .....                  e - +0 pair of boots
Stlth    +.........             (no amulet)
Regen    0.3/turn               B - ring of fire
MPRegen  0.2/turn               (no ring)

@: no status effects
A: claws 2, horns 1, foul stench 2, rot immunity
a: Upheaval, Renounce Religion


You were on level 8 of the Dungeon.
You worshipped Qazlal.
Qazlal was pleased with you.
You were very hungry.

You visited 1 branch of the dungeon, and saw 8 of its levels.

You collected 457 gold pieces.

Inventory:

Hand Weapons
 p - the +5 scimitar "Bosyzipp" (weapon) {slice, Str+2}
   (You found it on level 7 of the Dungeon)

   It inflicts extra damage upon your enemies.
   It affects your strength (+2).
Missiles
 y - 6 tomahawks (quivered)
Armour
 d - a +0 cloak (worn)
 e - a +0 pair of boots (worn)
 r - a +0 pair of gloves (worn)
 v - a +2 scale mail of fire resistance (worn)
Jewellery
 B - a ring of fire (left hand)
Wands
 G - a wand of enslavement (6/24)
 H - a wand of paralysis (6/24)
Scrolls
 a - a scroll of enchant weapon {unknown}
 g - 3 scrolls of magic mapping {unknown}
 i - 6 scrolls of remove curse
 k - 2 scrolls of amnesia {unknown}
 l - a scroll of fog {unknown}
 n - 2 scrolls of teleportation {unknown}
 o - a scroll of fear {unknown}
 t - 3 scrolls of immolation {unknown}
 u - a scroll of identify
 w - a scroll of enchant armour {unknown}
 A - a scroll of recharging {unknown}
 D - a scroll of noise {unknown}
 I - a scroll of vulnerability {unknown}
Potions
 f - 2 potions of invisibility
 j - a potion of might
 m - a potion of brilliance
 q - 2 potions of curing {unknown}
 s - 3 potions of magic {unknown}
 x - a potion of resistance
 z - a potion of flight
 E - a potion of cancellation
 F - 3 potions of degeneration {unknown}
Comestibles
 b - 4 meat rations
 c - 7 bread rations
 h - 5 royal jellies
 C - 5 fruits


   Skills:
 - Level 11.4 Fighting
 * Level 11.3 Long Blades
 - Level 3.0 Armour
 - Level 3.0 Dodging
 - Level 1.7 Stealth
 + Level 6.4 Invocations


You had 9 spell levels left.
You didn't know any spells.

Dungeon Overview and Level Annotations

Branches:
Dungeon (8/15)             Temple (0/1) D:6
   Lair: D:8-11

Altars:
Cheibriados
Dithmenos
Gozag
Qazlal
Sif Muna
The Shining One

Shops:
D:4 %   D:7 [

Annotations:
D:3 2 transporters


Innate Abilities, Weirdness & Mutations

You have very sharp fingernails.
You have a pair of small horns on your head.
You frequently emit foul miasma when damaged in melee.
You are immune to rotting.


Message History

You hit the skeletal warrior but do no damage.
You headbutt the skeletal warrior, but do no damage.
The skeletal warrior is heavily damaged.
You block the skeletal warrior's attack.
You barely miss the skeletal warrior.
The skeletal warrior is heavily damaged.
You hit the skeletal warrior.
The skeletal warrior is heavily damaged.
The skeletal warrior hits you but does no damage.
You hit the skeletal warrior but do no damage.
Your headbutt misses the skeletal warrior.
The skeletal warrior is heavily damaged.
The skeletal warrior hits you with a glaive!
* * * LOW HITPOINT WARNING * * *
You slash the skeletal warrior!
The skeletal warrior is severely damaged.
You hit the skeletal warrior but do no damage.
The skeletal warrior is severely damaged.
The skeletal warrior hits you with a glaive!!
You die...

..# #... #.# #).
#.##### ####..
##...... ......
###....# ##...
#.##(...(# ####
#.......# ###### #
#?.###(§####....##
## #.
##z@#.).....##
####. #.
#§.<..####..###....
#. #....##
##....#### #.
#....# ###### # #
#....# #...## #####


You could see a skeletal warrior.

Vanquished Creatures
  The ghost of ThermosAquaticus the Cruncher, a novice GnGl (D:6)
  Sigmund (D:2)
  A yak (D:7)
  Eustachio (D:6)
  3 hogs (D:7)
  A human (D:7)
  2 sky beasts
  A black bear (D:7)
  2 orc warriors (D:6)
  4 necrophages (D:7)
  4 ogres
  4 centaurs
  A big kobold (D:8)
  4 bullfrogs
  A scorpion (D:5)
  2 wights (D:7)
  A howler monkey (D:5)
  2 crimson imps (D:7)
  A bullfrog zombie (D:5)
  2 hounds
  An orc priest (D:5)
  A gnoll shaman (D:4)
  4 jellies
  Crazy Yiuf (D:2)
  A centaur skeleton (D:4)
  Jessica (D:2)
  Terence (D:2)
  4 orc wizards
  4 worker ants
  A hound zombie (D:7)
  2 mummies
  3 worker ant zombies
  4 gnolls (D:4)
  10 adders
  9 oozes
  An adder zombie (D:7)
  2 worms
  2 dart slugs
  4 leopard geckos
  17 orcs
  A giant cockroach (D:4)
  11 hobgoblins
  9 jackals
  4 quokkas
  3 ball pythons
  4 bats
  4 frilled lizards
  A giant cockroach zombie (D:6)
  14 goblins
  A hobgoblin zombie (D:5)
  18 kobolds
  3 kobold zombies (D:5)
  A leopard gecko skeleton (D:7)
  4 rats
190 creatures vanquished.

Vanquished Creatures (others)
  A quokka (D:8)
  2 fungi (D:4)
  8 toadstools (D:4)
11 creatures vanquished.

Grand Total: 201 creatures vanquished

Notes
Turn   | Place    | Note
-------+----------+-------------------------------------------
     0 | D:1      | sveltemanboy the Demonspawn Monk began the quest for the Orb.
     0 | D:1      | Reached XP level 1. HP: 18/18 MP: 1/1
   450 | D:1      | Reached skill level 1 in Armour
   536 | D:1      | Gained mutation: You are immune to rotting. [demonic ancestry]
   536 | D:1      | Reached XP level 2. HP: 22/24 MP: 2/2
  1111 | D:2      | Reached XP level 3. HP: 27/29 MP: 3/3
  1319 | D:2      | Noticed Jessica
  1338 | D:2      | Killed Jessica
  1338 | D:2      | Reached XP level 4. HP: 28/35 MP: 4/4
  1455 | D:2      | Noticed Sigmund
  1599 | D:2      | Killed Sigmund
  1599 | D:2      | Gained mutation: You may emit foul miasma when damaged in melee. [demonic ancestry]
  1599 | D:2      | Reached XP level 5. HP: 40/41 MP: 5/5
  1650 | D:2      | Found a deep blue altar of Sif Muna.
  1662 | D:2      | Reached skill level 5 in Long Blades
  1740 | D:2      | Noticed Terence
  1758 | D:2      | Killed Terence
  1758 | D:2      | Gained mutation: You have sharp fingernails. [demonic ancestry]
  1758 | D:2      | Reached XP level 6. HP: 42/47 MP: 6/6
  1794 | D:2      | Found a runed door.
  2012 | D:2      | Noticed Crazy Yiuf
  2021 | D:2      | Killed Crazy Yiuf
  2403 | D:3      | Found a snail-covered altar of Cheibriados.
  3477 | D:4      | Found Laep Ena's Food Shoppe.
  3525 | D:4      | Reached XP level 7. HP: 52/52 MP: 7/7
  4085 | D:5      | Entered Level 5 of the Dungeon
  4656 | D:6      | Noticed Eustachio
  4668 | D:6      | Killed Eustachio
  4668 | D:6      | Gained mutation: You have a pair of small horns on your head. [demonic ancestry]
  4668 | D:6      | Reached XP level 8. HP: 42/58 MP: 8/8
  5286 | D:5      | Found a stormy altar of Qazlal.
  5341 | D:5      | Became a worshipper of Qazlal Stormbringer
  5341 | D:5      | Reached * piety under Qazlal
  5341 | D:5      | Reached ** piety under Qazlal
  5538 | D:5      | Reached skill level 1 in Invocations
  6064 | D:6      | Noticed ThermosAquaticus's ghost (novice GnGl)
  6166 | D:6      | Found a staircase to the Ecumenical Temple.
  6240 | D:6      | Found a glowing golden altar of the Shining One.
  6275 | D:6      | Killed ThermosAquaticus's ghost
  6275 | D:6      | Reached skill level 10 in Long Blades
  6275 | D:6      | Gained mutation: You frequently emit foul miasma when damaged in melee. [demonic ancestry]
  6275 | D:6      | Reached XP level 9. HP: 14/63 MP: 7/12
  6549 | D:6      | Reached skill level 5 in Invocations
  6793 | D:6      | Gained mutation: You have very sharp fingernails. [demonic ancestry]
  6793 | D:6      | Reached XP level 10. HP: 88/88 MP: 13/13
  6951 | D:6      | Found a shadowy altar of Dithmenos.
  7467 | D:7      | Found Ofobaebbi's Armour Boutique.
  7550 | D:7      | Found an opulent altar of Gozag.
  7737 | D:7      | Got a crude scimitar
  7738 | D:7      | Identified the +5 scimitar "Bosyzipp" {slice, Str+2} (You found it on level 7 of the Dungeon)
  8353 | D:8      | Noticed a skeletal warrior
  8379 | D:8      | Mangled by a skeletal warrior

Vault maps used:
D:1:      lightli_arrival_flooded_house, serial_glass, glass_columns_b,
          glass_columns_a
D:2:      cheibrodos_greedy_goblins, lemuel_coloured_pillars_altar, first_bread,
          st_stairs_1, uniq_crazy_yiuf_cottage, uniq_sigmund, uniq_terence,
          uniq_jessica
D:3:      gammafunk_steamed_eel, cheibriados_altar_1
D:4:      cheibrodos_fertilizer, serial_shops,
          nicolae_shop_temple_entry_statues_fountains
D:5:      lemuel_round_altar, minmay_mini_ossuary
D:6:      lemuel_crystal_altar, overflow_temple_1_default,
          minmay_temple_entry_statues_pillars, uniq_eustachio
D:7:      grunt_gozag_statues, serial_undead, serial_undead_a, serial_undead_a,
          serial_undead_b, serial_undead_a, serial_shops, shop, grunt_livestock,
          minmay_misc_feat_roman
D:8:      elyvilon_altar_4

Skill      XL: |  1  2  3  4  5  6  7  8  9 10 |
---------------+-------------------------------+-----
Armour         | 1 2 3 |  3.0
Dodging        | 3 |  3.0
Long Blades    | 3 4 5 6 8 10 11 | 11.3
Invocations    | 4 5 6 |  6.4
Fighting       | 11 | 11.4
Stealth        | |  1.7

Action                   |  1- 3 |  4- 6 |  7- 9 | 10-12 || total
-------------------------+-------+-------+-------+-------++-------
Melee: Falchion          |    38 |       |       |       ||    38
       Dagger            |    48 |   219 |   270 |    21 ||   558
       Scimitar          |       |     3 |    31 |   139 ||   173
       Headbutt          |       |       |    43 |    33 ||    76
Throw: Tomahawk          |       |       |     6 |     8 ||    14
Invok: Upheaval          |       |       |     1 |       ||     1
  Use: Potion            |       |       |     2 |       ||     2
       Scroll            |       |       |     6 |     2 ||     8
 Stab: Sleeping          |     3 |       |       |       ||     3
  Eat: Chunk             |     1 |     8 |    10 |     4 ||    23
Armor: Robe              |    14 |       |       |       ||    14
       Ring mail         |       |    14 |       |       ||    14
       Scale mail        |       |    69 |    99 |    44 ||   212
Dodge: Dodged            |    42 |    78 |   116 |    50 ||   286
Block: Other             |       |       |     4 |    10 ||    14
       Rpst.: Falchion   |     6 |       |       |       ||     6
       Scimitar          |       |     1 |     1 |    13 ||    15
